 Dungeon Crawl Stone Soup version 0.30-a0-778-g2ef04afb54 (webtiles) character file.

Game seed: 385757158853594845

3560 sircluck the Cleaver (level 10, -13/78 (88) HPs)
             Began as a Hill Orc Fighter on Feb 16, 2023.
             Was a Follower of Beogh.
             Mangled by an orc knight
             ... wielding a +0 halberd
              (16 damage)
             ... in a bailey.
             The game lasted 00:15:30 (6701 turns).

sircluck the Cleaver (Hill Orc Fighter)             Turns: 6701, Time: 00:15:30

HP:   -13/78 (88)   AC:  7    Str: 24    XL:     10   Next: 9%
MP:   10/10         EV: 11    Int:  8    God:    Beogh [*.....]
Gold: 651           SH:  6    Dex: 10    Spells: 9/9 levels left

rFire   . . .      SeeInvis .    a - +1 war axe
rCold   . . .      Faith    .    c - +1 buckler
rNeg    . . .      Spirit   .    z - +0 acid dragon scales
rPois   .          Reflect  .    q - +0 hat
rElec   .          Harm     .    (no cloak)
rCorr   +          Rampage  .    (no gloves)
Will    .....                    (no boots)
Stlth   +                        l - amulet of regeneration
HPRegen 1.13/turn                (no ring)
MPRegen 0.12/turn                (no ring)

@: heavily drained
A: no striking features
a: Renounce Religion


You were in a bailey.
You worshipped Beogh.
Beogh was aware of your devotion.
You visited 2 branches of the dungeon, and saw 8 of its levels.
You also visited: Bailey.

You collected 651 gold pieces.

Inventory:

Hand Weapons
 a - a +1 war axe (weapon)
 k - a +0 dagger
 G - a +3 flail
 H - the +9 rapier of the Heavens {flame, rN+}
   (You took it off a kobold brigand on level 7 of the Dungeon)

   rN:        It protects you from negative energy.
Missiles
 g - 2 javelins
 j - 96 stones (quivered)
 y - 4 boomerangs
 C - a throwing net
 I - a curare-tipped dart
Armour
 b - a +0 scale mail
 c - a +1 buckler (worn)
 q - a +0 hat (worn)
 z - +0 acid dragon scales (worn)
 E - a +0 chain mail
 F - the +1 robe of Okawaru's Scorn {Regen+ Int-3 Dex-2 Archmagi}
   (You found it on level 3 of the Dungeon)

   Int:       It affects your intelligence (-3).
   Dex:       It affects your dexterity (-2).
   Regen:     It increases your rate of health regeneration.
   Archmagi:  It increases the power of your magical spells.
Jewellery
 l - an amulet of regeneration (around neck)
Wands
 e - a wand of acid (7)
Scrolls
 f - a scroll of amnesia
 i - a scroll of enchant weapon
 m - a scroll of poison {unknown}
 r - a scroll of magic mapping {unknown}
 v - 2 scrolls of blinking {unknown}
 w - 5 scrolls of identify
 x - a scroll of silence {unknown}
 A - a scroll of immolation {unknown}
Potions
 d - a potion of might
 n - 2 potions of mutation {unknown}
 o - 3 potions of heal wounds {unknown}
 s - a potion of invisibility {unknown}
 t - 2 potions of ambrosia {unknown}
 u - a potion of degeneration {unknown}
 B - 4 potions of brilliance {unknown}
 D - 2 potions of flight {unknown}
 J - a potion of haste {unknown}
 K - 2 potions of magic {unknown}


   Skills:
 + Level 8.1 Fighting
 + Level 12.8 Axes
 + Level 7.1 Armour
 + Level 3.1 Dodging
 + Level 1.3 Stealth
 + Level 5.1 Shields
 + Level 1.0 Unarmed Combat
 + Level 0.1 Evocations


You had 9 spell levels left.
You didn't know any spells.
Your spell library contained the following spells:

 Spells                   Type           Power      Damage    Failure   Level
 Apportation              Tloc           0%         N/A       56%         1
 Kiss of Death            Conj/Necr      0%         2d5       56%         1
 Blink                    Tloc           0%         N/A       71%         2
 Cigotuvi's Dreadful Rot  Necr/Pois/Air  0%         N/A       71%         2
 Confusing Touch          Hex            0%         N/A       90%         3
 Ignite Poison            Fire/Tmut/Pois 0%         N/A       90%         3
 Ozocubu's Armour         Ice            0%         N/A       90%         3
 Animate Dead             Necr           0%         N/A       100%        4
 Dispel Undead            Necr           0%         3d6       100%        4
 Manifold Assault         Tloc           0%         N/A       100%        4
 Passage of Golubria      Tloc           0%         N/A       100%        4
 Sticky Flame             Conj/Fire      0%         2d3       100%        4
 Summon Lightning Spire   Summ/Air       0%         N/A       100%        4
 Metabolic Englaciation   Hex/Ice        0%         N/A       100%        5
 Silence                  Hex/Air        0%         N/A       100%        5
 Death Channel            Necr           0%         N/A       100%        6
 Simulacrum               Ice/Necr       0%         N/A       100%        6
 Haunt                    Necr/Summ      0%         N/A       100%        7
 Storm Form               Tmut/Air       0%         N/A       100%        7
 Ignition                 Fire           0%         3d3       100%        8
 Infestation              Necr           0%         N/A       100%        8
 Lehudib's Crystal Spear  Conj/Erth      0%         10d2      100%        8
 Maxwell's Capacitive Co  Air            0%         ∞         100%        8


Dungeon Overview and Level Annotations

Branches:
Dungeon (7/15)             Temple (1/1) D:4          Bailey (1/1)

Altars:
Ashenzari
Cheibriados
Dithmenos
Fedhas
Hepliaklqana
Kikubaaqudgha
Makhleb
Nemelex Xobeh
Okawaru
Qazlal
Sif Muna
Trog
Uskayaw
Vehumet
Xom
Yredelemnul

Shops:
D:4 !


Message History

Beogh accepts your kill.
The orc knight hits you with a +0 halberd!!
The gnoll completely misses you. You block the orc's attack.
There is an open door, spattered with blood here.
You see here a +0 halberd of draining.
You hit the orc knight but do no damage.
The orc knight hits you with a +0 halberd!
The gnoll barely misses you. The orc hits you but does no damage.
You slash the orc knight!
The orc knight is lightly wounded.
The orc knight hits you with a +0 halberd!
The gnoll hits you from afar with a +1 halberd of draining!
You feel drained.
The orc hits you from afar with a +0 trident.
You slash the orc knight!
The orc knight is moderately wounded.
The orc knight hits you with a +0 halberd.
The gnoll hits you but does no damage.
You feel drained. The orc closely misses you.
Aiming: Polymorph
Press: ? - help, Q - select action, (/) - cycle Shift-Dir - straight line, f - orc knight
Aim: an orc knight, wielding a +0 halberd (moderately wounded, will become a death drake, a queen bee, or a troll, chance to affect: 31%)
The orc knight easily resists.
The now-empty wand crumbles to dust.
The orc knight hits you but does no damage.
The gnoll misses you. The orc hits you but does no damage.
Aiming: Corrosive Bolt
Press: ? - help, Q - select action, (/) - cycle Shift-Dir - straight line, f/p - orc knight
Aim: an orc knight, wielding a +0 halberd (lightly wounded, 60% to hit)
The bolt of acid misses the orc knight.
The orc knight hits you with a +0 halberd!!
* * * LOW HITPOINT WARNING * * *
The gnoll hits you from afar with a +1 halberd of draining.
* * * LOW HITPOINT WARNING * * *
You feel drained.
* * * LOW HITPOINT WARNING * * *
The orc misses you.
As you read the scroll of fog, it crumbles to dust.
The scroll dissolves into smoke.
The orc knight hits you with a +0 halberd!
You die...

##### ### ###
##§§.###.###)#
#@###'##'##'##
#!.!oo## ##.....##
#.!.§g ###.....###
+!.⌠.? #)'..⌠..')#
#.!.!. ###.....###
#!.!.. ##..)..##
+##'##+###'##'##'##
#. #g#.###.###.#
### ### ##### ###
#'#


You could see an orc knight, a gnoll (resistant) and an orc (strong).

Vanquished Creatures
  The ghost of olddryhag the Chopper, a novice DsGl of Wu Jian (D:6)
  A wyvern (D:5)
  An acid dragon (D:6)
  2 water moccasins
  A sky beast (D:7)
  Duvessa (D:6)
  2 orc warriors (D:6)
  4 ice beasts
  A black bear (D:5)
  2 ogres (D:6)
  A phantom (D:4)
  2 kobold brigands (D:7)
  Blork the orc (D:6)
  A gnoll sergeant (D:7)
  A wyvern zombie (D:6)
  2 scorpions
  3 bullfrogs
  3 spectral centaurs (D:6)
  2 jellies
  3 hounds
  2 orc priests (D:7)
  Ijyb (D:3)
  6 iguanas
  6 orc wizards
  21 gnolls
  12 adders
  2 white imps
  2 worms
  2 dart slugs (D:5)
  23 orcs
  6 endoplasms
  4 giant cockroaches
  6 hobgoblins
  A jackal (D:4)
  6 quokkas
  8 ball pythons
  6 bats
  5 frilled lizards
  10 goblins
  12 kobolds
  4 rats
180 creatures vanquished.

Vanquished Creatures (others)
  An ice beast (D:7)
  A black bear (D:7)
  An ogre (D:5)
  A scorpion (D:5)
  An orc priest (D:7)
  A gnoll (D:7)
  An adder (D:5)
  An orc (D:5)
  A kobold (D:7)
  A quokka (D:5)
  A plant (D:3)
  4 toadstools (D:5)
15 creatures vanquished.

Grand Total: 195 creatures vanquished

Notes
Turn   | Place    | Note
-------+----------+-------------------------------------------
     0 | D:1      | sircluck the Hill Orc Fighter began the quest for the Orb.
     0 | D:1      | Reached XP level 1. HP: 19/19 MP: 1/1
    74 | D:1      | Reached XP level 2. HP: 21/27 MP: 2/2
   187 | D:1      | Reached skill level 3 in Axes
   735 | D:1      | Reached XP level 3. HP: 30/33 MP: 3/3
  1332 | D:2      | Reached skill level 1 in Dodging
  1421 | D:2      | Reached XP level 4. HP: 32/40 MP: 4/4
  1557 | D:2      | Reached skill level 4 in Axes
  1990 | D:3      | Found a faded altar of an unknown god.
  1998 | D:3      | Got Plato's Dissertation on the Blink Frog
  2168 | D:3      | Identified the +1 robe of Okawaru's Scorn {Regen+ Int-3
                  | Dex-2 Archmagi}
  2247 | D:3      | Noticed Ijyb
  2272 | D:3      | Killed Ijyb
  2379 | D:3      | Reached XP level 5. HP: 38/46 MP: 5/5
  2523 | D:3      | You fall into a shaft and drop 3 floors!
  2538 | D:6      | Reached skill level 5 in Axes
  2562 | D:6      | Reached skill level 1 in Unarmed Combat
  2565 | D:6      | Noticed an ogre
  2575 | D:6      | Killed an ogre
  2576 | D:6      | Reached XP level 6. HP: 31/53 MP: 6/6
  2580 | D:6      | Noticed an orc warrior
  2592 | D:6      | Reached skill level 6 in Axes
  2593 | D:6      | Killed an orc warrior
  2678 | D:6      | Reached skill level 5 in Fighting
  2679 | D:6      | Reached XP level 7. HP: 53/61 MP: 7/7
  2743 | D:6      | Reached skill level 7 in Axes
  2770 | D:6      | Noticed Dowan
  2770 | D:6      | Noticed Duvessa
  2785 | D:6      | Killed Duvessa
  2786 | D:6      | Reached skill level 5 in Armour
  2786 | D:6      | Dowan changed into Dowan the adder
  2786 | D:6      | Noticed Dowan
  2787 | D:6      | Killed Dowan the adder
  2849 | D:6      | Reached skill level 8 in Axes
  2849 | D:6      | Reached XP level 8. HP: 67/69 MP: 8/8
  2985 | D:6      | Found a runed translucent gate.
  2985 | D:6      | Found a runed translucent gate.
  2985 | D:6      | Found a runed translucent gate.
  2986 | D:6      | Noticed olddryhag's ghost (novice DsGl)
  3016 | D:6      | Found a bloodstained altar of Trog.
  3181 | D:6      | Noticed Blork the orc
  3188 | D:6      | Killed Blork the orc
  3189 | D:6      | Reached skill level 9 in Axes
  3709 | D:5      | Entered Level 5 of the Dungeon
  3786 | D:5      | Noticed a wyvern
  3795 | D:5      | Killed a wyvern
  3796 | D:5      | Reached skill level 10 in Axes
  3876 | D:5      | Reached XP level 9. HP: 77/77 MP: 9/9
  3909 | D:5      | Reached skill level 11 in Axes
  3986 | D:5      | Found a shimmering altar of Xom.
  4687 | D:4      | Found a staircase to the Ecumenical Temple.
  4689 | D:4      | Found Logimirr's Distillery.
  5531 | Temple   | Entered the Ecumenical Temple
  6009 | D:6      | Killed olddryhag's ghost
  6114 | D:7      | Reached skill level 12 in Axes
  6151 | D:7      | Reached skill level 1 in Stealth
  6156 | D:7      | Became a worshipper of Beogh the Brigand
  6312 | D:7      | Reached skill level 5 in Shields
  6312 | D:7      | Reached XP level 10. HP: 72/86 MP: 10/10
  6357 | D:7      | Identified the +9 rapier of the Heavens {flame, rN+}
  6456 | D:7      | Found a flagged portal.
  6472 | Bailey   | Entered a bailey
  6590 | Bailey   | Reached * piety under Beogh
  6686 | Bailey   | Noticed an orc knight
  6700 | Bailey   | HP: 4/80 [gnoll/+1 halberd of draining (5)]
  6701 | Bailey   | Mangled by an orc knight

Illustrated notes

Levels and vault maps discovered:
D:1:      spicycebolla_arrival_transporter_tutorial, layout_basic, minmay_tall_x
D:2:      layout_basic, minmay_close_crescents
D:3:      layout_loops_cross, shapermc_ecumenical_altar_rom_forum, uniq_ijyb
D:4:      minmay_chambers_of_twos, layout_basic,
          minmay_temple_entry_drinking_statues, serial_shops, shop_fountains,
          minmay_stone_trees_small
D:5:      layout_rooms, xom_confusion_cloud, minmay_gold_behind_fungi
D:6:      layout_basic, trog_butcher_becter, gammafunk_ghost_necromancy,
          st_stairs_10, uniq_blork_the_orc, uniq_duvessa
D:7:      layout_rooms, enter_bailey_5
Temple:   dpeg_chambers_temple
Bailey:   bailey_polearm_nasty_gnolls, bailey

Skill      XL: |  1  2  3  4  5  6  7  8  9 10 |
---------------+-------------------------------+-----
Axes           | 3 4 5 6 8 10 12 | 12.8
Dodging        | 1 2 3 |  3.1
Fighting       | 4 5 6 7 8 |  8.1
Armour         | 4 5 6 7 |  7.1
Unarmed Combat | 1 |  1.0
Shields        | 4 5 |  5.1
Stealth        | 1 |  1.3
Evocations     | |  0.1

Action                     |  1- 3 |  4- 6 |  7- 9 | 10-12 || total
---------------------------+-------+-------+-------+-------++-------
  Melee: War axe           |   131 |    81 |   330 |    66 ||   608
         Unarmed           |       |    24 |       |       ||    24
 Invoke: Convert to Beogh  |       |       |     1 |       ||     1
  Evoke: Wand              |       |       |     1 |     2 ||     3
    Use: Scroll            |     2 |     6 |       |     1 ||     9
         Potion            |       |     3 |       |       ||     3
   Stab: Sleeping          |       |       |       |     1 ||     1
 Armour: Scale mail        |    82 |    28 |    74 |       ||   184
         Skin              |       |     6 |       |       ||     6
         Acid dragon scale |       |       |    43 |    18 ||    61
  Dodge: Dodged            |    64 |    91 |   141 |    36 ||   332
  Block: Buckler           |    32 |    29 |    83 |    19 ||   163

Table legend: (Time is in decaauts)
 A = Elapsed time spent in this place.
 B = Non-inter-level travel time spent in this place.
 C = Inter-level travel time spent in this place.
 D = Time resting spent in this place.
 E = Time spent auto-exploring this place.
 F = Levels seen in this place.
 G = Mean time per level.
                   A        B        C        D        E       F      G
               +--------+--------+--------+--------+--------+-----+--------+
         Total |   6784 |   5983 |    801 |    296 |   4064 |   9 |  753.8 |
       Dungeon |   6174 |   5487 |    687 |    296 |   3855 |   7 |  882.0 |
        Temple |    384 |    270 |    114 |      0 |    192 |   1 |  384.0 |
        Bailey |    225 |    225 |      0 |      0 |     17 |   1 |  225.0 |
               +--------+--------+--------+--------+--------+-----+--------+

Top non-repeatable levels by time:
     D:6: 1326 daAuts
     D:1: 1298 daAuts
     D:4: 971 daAuts
     D:5: 843 daAuts
     D:3: 696 daAuts
     D:2: 657 daAuts
  Temple: 384 daAuts
     D:7: 380 daAuts
  Bailey: 225 daAuts
